 Dungeon Crawl Stone Soup version 0.30.0-18-gc0e69614cb (webtiles) character file.

Game seed: 14126323842538778461

3 RascalDebosk the Magician (level 1, -1/15 HPs)
             Began as a Djinni Summoner on May 25, 2023.
             Slain by a hobgoblin (3 damage)
             ... on level 1 of the Dungeon.
             The game lasted 00:06:54 (186 turns).

RascalDebosk the Magician (Djinni Summoner)          Turns: 186, Time: 00:06:55

Health: -1/15      AC:  3    Str:  7    XL:     1   Next: 55%
Gold:   39         EV: 12    Int: 16    God:
                   SH:  0    Dex: 13

rFire   + + .        (no weapon)
rCold   x . .        (no shield)
rNeg    . . .        a - +0 robe
rPois   ∞            d - +0 helmet
rElec   .            (no cloak)
rCorr   .            (no gloves)
SInv    .            (boots unavailable)
Will    .....        (no amulet)
Stlth   ++           (no ring)
HPRegen 0.22/turn    (no ring)
MPRegen 0.00/turn

%: infuse magic (-2 HP)
@: flying
A: sickness immunity, fire resistance 2, cold vulnerability 1, float, innate
caster, HP casting, extra vitality 1
a: no special abilities


You were on level 1 of the Dungeon.
You visited 1 branch of the dungeon, and saw 1 of its levels.

You collected 39 gold pieces.

Inventory:

Armour
 a - a +0 robe (worn)
 d - a +0 helmet (worn)
Scrolls
 b - a scroll of identify {unknown}
Potions
 c - a potion of attraction {unknown}


   Skills:
 - Level 2.1 Dodging
 - Level 1.5 Stealth
 * Level 3.4 Spellcasting


You knew the following spells:

 Your Spells              Type           Power      Damage    Failure   Level
a - Summon Small Mammal   Summ           52%        N/A       4%          1
b - Call Imp              Summ           26%        N/A       7%          2
c - Call Canine Familiar  Summ           13%        N/A       13%         3
d - Summon Guardian Gole  Hex/Summ       13%        N/A       13%         3
e - Summon Lightning Spi  Summ/Air       13%        N/A       41%         4
Your spell library was empty.

Dungeon Overview and Level Annotations

Branches:
Dungeon (1/15)

Altars:


Innate Abilities, Weirdness & Mutations

You are immune to sickness and miasma.
You are immune to poison.
Your flesh is very heat resistant. (rF++)
You are vulnerable to cold. (rC-)
You float through the air rather than walking.
You learn spells naturally, not from books.
Your magical power is your life essence.
You have superior vitality. (+4 MHP)


Message History

You now have 39 gold pieces (gained 12).
c - a lumpy clear potion Your quokka disappears in a puff of smoke!
A hobgoblin comes into view.
Found a scroll labelled XUYHEB OTRUSU.
Casting: Summon Small Mammal (safe; 4% risk of failure)
Confirm with . or Enter, or press ? or * to list all spells.
The hobgoblin shouts!
Casting: Summon Small Mammal (safe; 4% risk of failure)
Confirm with . or Enter, or press ? or * to list all spells.
You aren't experienced enough to cast this spell.
Casting: Summon Small Mammal (safe; 4% risk of failure)
Confirm with . or Enter, or press ? or * to list all spells.
A hobgoblin comes into view.
A bat comes into view.
The hobgoblin hits your bat.
Your bat closely misses the hobgoblin.
Your bat completely misses the hobgoblin.
Your bat misses the hobgoblin. The bat barely misses you.
The bat closely misses your rat. The hobgoblin hits your bat.
Your bat dies!
Your bat's corpse disappears in a puff of smoke!
The bat hits your rat.
Your rat closely misses the hobgoblin.
Casting: Summon Small Mammal (safe; 4% risk of failure)
Confirm with . or Enter, or press ? or * to list all spells.
The bat barely misses your rat. The hobgoblin hits your rat.
Your rat dies!
Your rat's corpse disappears in a puff of smoke!
Your bat hits the hobgoblin but does no damage.
Casting: Summon Small Mammal (safe; 4% risk of failure)
Confirm with . or Enter, or press ? or * to list all spells.
Your bat closely misses the hobgoblin.
Your bat hits the bat but does no damage.
Your bat hits the hobgoblin but does no damage.
The bat barely misses you. The bat attacks as you move away!
The bat hits you but does no damage. The bat hits you.
The hobgoblin misses you.
Your bat barely misses the bat.
Your bat closely misses the bat.
The bat closely misses you.
You see here a +0 helmet.
Your bat closely misses the hobgoblin. x2; The bat hits you.
Keep equipping yourself? [Y]es or [N]o only, please.
Keep equipping yourself?
You start putting on your armour.
You continue putting on your +0 helmet.
The hobgoblin barely misses you. The bat misses you.
The hobgoblin closely misses something.
You continue putting on your +0 helmet.
The bat misses you. The hobgoblin hits you.
The hobgoblin hits something.
You continue putting on your +0 helmet.
The bat misses you.
You continue putting on your +0 helmet.
Your bat hits the hobgoblin but does no damage.
The bat hits you but does no damage. The hobgoblin hits you.
* * * LOW HITPOINT WARNING * * *
Your bat closely misses the hobgoblin.
The bat hits your bat but does no damage.
The hobgoblin closely misses you.
You finish putting on your +0 helmet.
Unknown command.
Your bat hits the bat but does no damage.
The bat closely misses you. The bat barely misses you.
Unknown command.
Casting: Summon Small Mammal (safe; 4% risk of failure)
Confirm with . or Enter, or press ? or * to list all spells.
* * * LOW HITPOINT WARNING * * *
The bat closely misses your bat.
The hobgoblin hits you but does no damage.
Your bat closely misses the bat.
The bat closely misses your bat.
Your bat barely misses the bat.
The bat barely misses your bat.
Your bat hits the bat. Something closely misses your bat.
Your bat closely misses the hobgoblin.
The bat hits your bat but does no damage.
The bat hits you but does no damage.
Your bat hits the hobgoblin but does no damage.
Your bat barely misses the hobgoblin.
The hobgoblin hits you.
* * * LOW HITPOINT WARNING * * *
Your bat barely misses the hobgoblin.
The hobgoblin hits your bat.
Your bat hits the hobgoblin. The bat closely misses you.
The bat attacks as you move away! The bat hits you but does no damage.
Your bat barely misses the hobgoblin.
Your bat closely misses the hobgoblin.
The bat hits you but does no damage.
Your bat hits the hobgoblin but does no damage.
The bat hits you but does no damage. The bat closely misses you.
The bat hits you but does no damage.
Casting: Summon Small Mammal (safe; 4% risk of failure)
Confirm with . or Enter, or press ? or * to list all spells.
* * * LOW HITPOINT WARNING * * *
Your bat disappears in a puff of smoke!
The bat closely misses you.
Your bat barely misses the hobgoblin.
The hobgoblin closely misses you. x2
Casting: Summon Small Mammal (safe; 4% risk of failure)
Confirm with . or Enter, or press ? or * to list all spells.
* * * LOW HITPOINT WARNING * * *
Your bat disappears in a puff of smoke!
Your bat misses the bat. The bat hits you but does no damage.
The hobgoblin misses you. The hobgoblin hits you.
* * * LOW HITPOINT WARNING * * *
The hobgoblin attacks as you move away! The hobgoblin closely misses you.
Your bat closely misses the bat.
The bat barely misses you. The hobgoblin hits you.
You die...

######.....#.# #...#.
...........#.# #...'.
.....##.#..#.# #...#.
.....##.#....###
###### .....+.........
.....#.......##
[............# .
#######.....#.# ###.#
#......@......# ......
.###..gbg....[##......
###....§§............
.........r.....#......
.......b.......# .....
...........#...# .#.?
.............>.# # .
.......##.....#....
....... #.....#....#


You could see 2 hobgoblins, a bat (ally target), a friendly bat (summoned) and a
friendly rat (summoned).

Vanquished Creatures (collateral kills)
  A goblin (D:1)
  A quokka (D:1)
  A bat (D:1)
3 creatures vanquished.

Notes
Turn   | Place    | Note
-------+----------+-------------------------------------------
     0 | D:1      | RascalDebosk the Djinni Summoner began the quest for the
                  | Orb.
     0 | D:1      | RascalDebosk set off with the following spells memorised:
                  | Summon Small Mammal, Call Imp, Call Canine Familiar, Summon
                  | Guardian Golem, Summon Lightning Spire.
     0 | D:1      | Reached XP level 1. HP: 15/15 MP: 0/0
   186 | D:1      | Slain by a hobgoblin

Illustrated notes

Levels and vault maps discovered:
D:1:      co_arrival_random_square_maze, layout_basic, serial_corexii_hall,
          corexii_hall_statues_u, corexii_hall_statues_t,
          chequers_hall_statues_wall_a, chequers_hall_statues_y

Action                     || total
---------------------------++-------
   Cast: Summon Small Mamm ||    11
 Armour: Robe              ||     9
  Dodge: Dodged            ||    19
